 Dungeon Crawl Stone Soup version 0.13-a0-3133-gec0fa00 (webtiles) character file.

58 4tharraofdagon the Firebug (level 3, 2/27 HPs)
             Began as a Djinni Fire Elementalist on Sept 21, 2013.
             Quit the game on Level 2 of the Dungeon.
             The game lasted 00:01:47 (511 turns).

4tharraofdagon the Firebug (DjFE)                    Turns: 511, Time: 00:01:47

HP   2/27        AC  3     Str  8      XL: 3   Next:  5%
MP   0/0         EV 16     Int 16      God:
Gold 28          SH  0     Dex 18      Spells:  2 memorised,  1 level left

Res.Fire  : + + +   See Invis. : .   (no weapon)
Res.Cold  : x . .   Warding    : .   e - +0 leather armour
Life Prot.: + + +   Conserve   : .   (no shield)
Res.Poison: .       Res.Corr.  : .   (no helmet)
Res.Elec. : .       Clarity    : .   (no cloak)
Sust.Abil.: . .     Spirit.Shd : .   (no gloves)
Res.Mut.  : .       Stasis     : .   (boots unavailable)
Res.Rott. : .       Flight     : .   (no amulet)
Saprovore : . . .                    (no ring)
                                     (no ring)

@: agile, mildly poisoned, very slightly contaminated, not resistant to hostile
enchantments, stealthy
A: fire immunity, cold vulnerability, life protection 3
a: no special abilities


You were on level 2 of the Dungeon.
You were not hungry.

You visited 1 branch of the dungeon, and saw 2 of its levels.

You collected 8 gold pieces.

Inventory:

Armour
 a - a +0 robe
 e - a +0 leather armour (worn)
Scrolls
 c - 2 scrolls of teleportation {unknown}
 d - a scroll of identify {unknown}
 g - a scroll of noise {unknown}
Books
 b - a book of Flames

   Spells                             Type                      Level
   *Flame Tongue                      Conjuration/Fire             1
   Throw Flame                        Conjuration/Fire             2
   *Conjure Flame                     Conjuration/Fire             3
   Inner Flame                        Hexes/Fire                   3
   Sticky Flame                       Conjuration/Fire             4
   Fireball                           Conjuration/Fire             5


   Skills:
 - Level 1.7 Dodging
 - Level 1.5 Stealth
 + Level 1.9 Spellcasting
 * Level 2.2 Conjurations
 * Level 4.6 Fire Magic


You had one spell level left.
You knew the following spells:

 Your Spells              Type           Power        Failure   Level  Hunger
a - Flame Tongue          Conj/Fire      ##...        8%          1    #......
b - Conjure Flame         Conj/Fire      ##......     17%         3    ####...


Dungeon Overview and Level Annotations

Branches:
Dungeon (2/27)

Altars:
Zin


Innate Abilities, Weirdness & Mutations

You are immune to all types of fire, even holy and hellish.
You are vulnerable to cold.
You need no food.
You have no legs.
You are immune to negative energy.


Message History

Aim: an adder You miscast Flame Tongue.
Nothing appears to happen.
The adder misses you. The adder bites you but does no damage.
Casting: Flame Tongue
Confirm with . or Enter, or press ? or * to list all spells.
Aiming: Flame Tongue
Press: ? - help, Shift-Dir - straight line, f/p - adder
Aim: an adder The flame misses the adder.
The adder misses you.
Unknown command.
Drink which item? (? for menu, Esc to quit)
You feel better.
It was a potion of curing.
The adder bites you.
* * * LOW HITPOINT WARNING * * *
You are poisoned.
The adder poisons you!
Drink which item? (? for menu, Esc to quit)
You feel more agile all of a sudden.
It was a potion of agility.
The adder bites you.
* * * LOW HITPOINT WARNING * * *
Are you sure you want to abandon this character and quit the game? (Confirm with "yes".)

... ..... .... .... .
.###..##+### ### .
.......... ....
#.#.#...#.#### #..##.
##.#.#...(...... #..#..
#......@S#.# #..#.#
#..........# #..#.#
#........### #..#.#
#........# #..#.#
#........# #....#
#..##..#.##########.#...
#.. #...%.%.............
.........##............
.........##.......##.##


You could see an adder.

Vanquished Creatures
  2 gnolls
  4 bats
  2 goblins (D:2)
  A hobgoblin (D:2)
  2 kobolds
11 creatures vanquished.

Notes
Turn   | Place    | Note
--------------------------------------------------------------
     0 | D:1      | 4tharraofdagon, the Djinni Fire Elementalist, began the quest for the Orb.
     0 | D:1      | Reached XP level 1. HP: 14/14 MP: 0/0
   120 | D:1      | Reached XP level 2. EP: 1/21
   359 | D:2      | Bloax: did you die to a troll or something
   365 | D:2      | 4tharraofdagon: orc
   392 | D:2      | Found a glowing silver altar of Zin.
   430 | D:2      | Reached XP level 3. EP: 18/27
   442 | D:2      | Learned a level 3 spell: Conjure Flame
   507 | D:2      | 4tharraofdagon: but really w/o regen i cant do much in early dungeon
   511 | D:2      | Quit the game

Action                   || total
-------------------------++-------
Melee: Unarmed           ||     3
 Cast: Flame Tongue      ||    25
  Use: Potion            ||     2
